TOP OF THE 1ST |
New Hampshire Fisher Cats batting - Pitching for Frisco RoughRiders : RHP Jeff Kidd
|
Pitching: RHP Jeff Kidd
|
|
Batting: RHB Frank Caulfield
|
0-0: Ground out 4-3 (Groundball, 4, EV 103.8 MPH)
|
Batting: RHB Bill Murray
|
0-0: Ground out 6-3 (Groundball, 56, EV 106.9 MPH)
|
Batting: LHB Rodrigo Briceno
|
0-0: Ball 1-0: Ball 2-0: Called Strike 2-1: Ball 3-1: Base on Balls
|
Batting: RHB Jorge Baret
|
0-0: Called Strike 0-1: Ball 1-1: Ball 2-1: Foul Ball, location: 2F 2-2: 2-RUN HOME RUN (Flyball, 7D, EV 100.0 MPH), Distance : 392 ft
|
Batting: RHB Selam Chimsima
|
0-0: Ball 1-0: Called Strike 1-1: Ball 2-1: Ball 3-1: Foul Ball, location: 2F 3-2: Strikes out swinging
|
Top of the 1st over - 2 runs, 1 hit, 0 errors, 0 left on base; New Hampshire 2 - Frisco 0 |
BOTTOM OF THE 1ST |
Frisco RoughRiders batting - Pitching for New Hampshire Fisher Cats : RHP Jeremy Thomsen
|
Pitching: RHP Jeremy Thomsen
|
|
Batting: RHB Joe Kemp
|
0-0: Ball 1-0: Foul Ball, location: 2F 1-1: Ball 2-1: Called Strike 2-2: Foul Ball, location: 2F 2-2: Foul Ball, location: 2F 2-2: Fly out, F6 (Flyball, 6MD, EV 92.5 MPH)
|
Batting: LHB Chris Moody
|
0-0: Called Strike 0-1: SINGLE (Line Drive, 89S, EV 105.0 MPH)
|
Batting: LHB Yasahiko Teshima
|
0-0: Called Strike 0-1: Ball 1-1: Swinging Strike 1-2: Ball Pickoff Throw to First - Out! 1-3 CS 2-2: Ball 3-2: Foul Ball, location: 2F 3-2: Foul Ball, location: 2F 3-2: Base on Balls
|
Batting: RHB Jason Keller
|
0-0: Called Strike 0-1: Ball 1-1: Ball 2-1: Foul Ball, location: 2F 2-2: Foul Ball, location: 2F 2-2: Foul Ball, location: 2F 2-2: TRIPLE (Flyball, 89XD, EV 97.5 MPH) Yasahiko Teshima scores
|
Batting: LHB Mike Sammons
|
0-0: Called Strike 0-1: Ball 1-1: Ball 2-1: DOUBLE (Line Drive, 78D, EV 106.2 MPH) Jason Keller scores
|
Batting: RHB Danny Murillo
|
0-0: Ball 1-0: Ball 2-0: Swinging Strike 2-1: Ball 3-1: Foul Ball, location: 2F 3-2: Foul Ball, location: 2F 3-2: Strikes out swinging
|
Bottom of the 1st over - 2 runs, 3 hits, 0 errors, 1 left on base; New Hampshire 2 - Frisco 2 |
TOP OF THE 2ND |
New Hampshire Fisher Cats batting - Pitching for Frisco RoughRiders : RHP Jeff Kidd
|
Batting: RHB Butch Koglin
|
0-0: Ground out 5-3 (Groundball, 56, EV 88.8 MPH)
|
Batting: RHB Kirk Seiffert
|
0-0: Called Strike 0-1: Called Strike 0-2: Ball 1-2: Ball 2-2: Ball 3-2: Fly out, F8 (Flyball, 8RM, EV 83.8 MPH)
|
Batting: RHB Bryan Peterson
|
0-0: Swinging Strike 0-1: Ball 1-1: Foul Ball, location: 2F 1-2: Strikes out swinging
|
Top of the 2nd over - 0 runs, 0 hits, 0 errors, 0 left on base; New Hampshire 2 - Frisco 2 |
BOTTOM OF THE 2ND |
Frisco RoughRiders batting - Pitching for New Hampshire Fisher Cats : RHP Jeremy Thomsen
|
Batting: SHB Isaiah Cherry
|
0-0: Foul Ball, location: 2F 0-1: Ball 1-1: Ball 2-1: SINGLE (Line Drive, 8RS, EV 86.9 MPH)
|
Batting: RHB Chris Torlak
|
0-0: Ball Isaiah Cherry is caught stealing 2nd base 2-4 1-0: SINGLE (Line Drive, 56D, EV 104.4 MPH)
|
Batting: RHB Andrew Clarke
|
0-0: Ball 1-0: Foul Ball, location: 2F 1-1: Ball 2-1: Foul Ball, location: 2F 2-2: Strikes out swinging Chris Torlak is caught stealing 2nd base 2-4 Batter strikes out.
|
Bottom of the 2nd over - 0 runs, 2 hits, 0 errors, 0 left on base; New Hampshire 2 - Frisco 2 |
TOP OF THE 3RD |
New Hampshire Fisher Cats batting - Pitching for Frisco RoughRiders : RHP Jeff Kidd
|
Batting: RHB Justin Powell
|
0-0: DOUBLE (Line Drive, 89D, EV 105.6 MPH)
|
Batting: RHB Frank Caulfield
|
0-0: Ball Justin Powell steals 3rd, throwing error, E2 Justin Powell scores 1-0: SINGLE (Groundball, 6S, EV 67.5 MPH) (infield hit)
|
Batting: RHB Bill Murray
|
0-0: Ball Frank Caulfield steals 2nd base 1-0: Ball 2-0: Foul Ball, location: 2F 2-1: Ball 3-1: Swinging Strike 3-2: Fly out, F8 (Flyball, 8LD, EV 101.9 MPH)
|
Batting: LHB Rodrigo Briceno
|
0-0: Ball 1-0: Foul Ball, location: 2F 1-1: Fly out, F8 (Line Drive, 8RM, EV 86.9 MPH)
|
Batting: RHB Jorge Baret
|
0-0: Ball 1-0: Foul Ball, location: 2F 1-1: Called Strike 1-2: Fly out, F6 (Popup, 6, EV 51.9 MPH)
|
Top of the 3rd over - 1 run, 2 hits, 1 error, 1 left on base; New Hampshire 3 - Frisco 2 |
BOTTOM OF THE 3RD |
Frisco RoughRiders batting - Pitching for New Hampshire Fisher Cats : RHP Jeremy Thomsen
|
Batting: RHB Joe Kemp
|
0-0: Ball 1-0: Bunt missed! 1-1: Ball 2-1: Ground out 6-3 (Groundball, 6, EV 103.1 MPH)
|
Batting: LHB Chris Moody
|
0-0: Ball 1-0: Called Strike 1-1: Foul Ball, location: 2F 1-2: Strikes out swinging
|
Batting: LHB Yasahiko Teshima
|
0-0: Called Strike 0-1: Ball 1-1: Ground out U3 (Groundball, 3L, EV 106.2 MPH)
|
Bottom of the 3rd over - 0 runs, 0 hits, 0 errors, 0 left on base; New Hampshire 3 - Frisco 2 |
TOP OF THE 4TH |
New Hampshire Fisher Cats batting - Pitching for Frisco RoughRiders : RHP Jeff Kidd
|
Batting: RHB Selam Chimsima
|
0-0: SOLO HOME RUN (Flyball, 8RXD, EV 116.2 MPH), Distance : 466 ft
|
Batting: RHB Butch Koglin
|
0-0: Swinging Strike 0-1: Ball 1-1: Swinging Strike 1-2: Foul Ball, location: 2F 1-2: Ball 2-2: Foul Ball, location: 2F 2-2: Strikes out swinging
|
Batting: RHB Kirk Seiffert
|
0-0: SINGLE (Groundball, 5S, EV 60.6 MPH) (infield hit)
|
Batting: RHB Bryan Peterson
|
0-0: Ball 1-0: Fly out, F8 (Flyball, 8RM, EV 81.2 MPH)
|
Batting: RHB Justin Powell
|
0-0: Ball 1-0: Called Strike 1-1: Ball 2-1: DOUBLE (Line Drive, 89D, EV 111.2 MPH) Kirk Seiffert to third Runner from 3rd tries for Home, SAFE, throw by RF to trailing runner, SAFE at third!
|
Batting: RHB Frank Caulfield
|
0-0: Ball 1-0: Ball 2-0: Ball 3-0: Called Strike 3-1: Foul Ball, location: 2F 3-2: Strikes out looking
|
Top of the 4th over - 2 runs, 3 hits, 0 errors, 1 left on base; New Hampshire 5 - Frisco 2 |
BOTTOM OF THE 4TH |
Frisco RoughRiders batting - Pitching for New Hampshire Fisher Cats : RHP Jeremy Thomsen
|
Batting: RHB Jason Keller
|
0-0: Ball 1-0: Ground out U3 (Groundball, 34S, EV 63.8 MPH)
|
Batting: LHB Mike Sammons
|
0-0: Called Strike 0-1: Foul Ball, location: 2F 0-2: Foul Ball, location: 2F 0-2: Ball 1-2: SINGLE (Groundball, 13S, EV 71.2 MPH) (infield hit)
|
Batting: RHB Danny Murillo
|
0-0: Ball 1-0: Ball 2-0: Ball 3-0: Called Strike 3-1: Fly out, F8 (Flyball, 8RS, EV 95.6 MPH)
|
Batting: SHB Isaiah Cherry
|
0-0: Ball 1-0: Ball 2-0: Ball 3-0: Called Strike 3-1: SINGLE (Groundball, 34S, EV 71.9 MPH) (infield hit) Mike Sammons to second
|
Batting: RHB Chris Torlak
|
0-0: Called Strike 0-1: Foul Ball, location: 2F 0-2: Strikes out swinging
|
Bottom of the 4th over - 0 runs, 2 hits, 0 errors, 2 left on base; New Hampshire 5 - Frisco 2 |
TOP OF THE 5TH |
New Hampshire Fisher Cats batting - Pitching for Frisco RoughRiders : RHP Jeff Kidd
|
Batting: RHB Bill Murray
|
0-0: Swinging Strike 0-1: Ball 1-1: Foul Ball, location: 2F 1-2: Foul Ball, location: 2F 1-2: Ball 2-2: Foul Ball, location: 2F 2-2: Foul Ball, location: 2F 2-2: Strikes out swinging
|
Batting: LHB Rodrigo Briceno
|
0-0: Called Strike 0-1: Foul Ball, location: 2F 0-2: Strikes out swinging
|
Batting: RHB Jorge Baret
|
0-0: Called Strike 0-1: Foul Ball, location: 2F 0-2: Strikes out looking
|
Top of the 5th over - 0 runs, 0 hits, 0 errors, 0 left on base; New Hampshire 5 - Frisco 2 |
BOTTOM OF THE 5TH |
Frisco RoughRiders batting - Pitching for New Hampshire Fisher Cats : RHP Jeremy Thomsen
|
Batting: RHB Andrew Clarke
|
0-0: Ball 1-0: Foul Ball, location: 2F 1-1: Ball 2-1: Ball 3-1: Base on Balls
|
Batting: RHB Joe Kemp
|
0-0: Foul Ball, location: 2F 0-1: Called Strike 0-2: Fly out, F8 (Flyball, 8RS, EV 86.9 MPH)
|
Batting: LHB Chris Moody
|
0-0: Foul Ball, location: 2F 0-1: Ball 1-1: Swinging Strike 1-2: Strikes out swinging
|
Batting: LHB Yasahiko Teshima
|
0-0: Called Strike 0-1: Called Strike Andrew Clarke steals 2nd base 0-2: Foul Ball, location: 2F 0-2: Foul Ball, location: 2F 0-2: Ball 1-2: Strikes out swinging
|
Bottom of the 5th over - 0 runs, 0 hits, 0 errors, 1 left on base; New Hampshire 5 - Frisco 2 |
TOP OF THE 6TH |
New Hampshire Fisher Cats batting - Pitching for Frisco RoughRiders : RHP Jeff Kidd
|
Batting: RHB Selam Chimsima
|
0-0: Called Strike 0-1: Swinging Strike 0-2: Strikes out looking
|
Batting: RHB Butch Koglin
|
0-0: Fly out, F7 (Flyball, 7S, EV 83.8 MPH)
|
Batting: RHB Kirk Seiffert
|
0-0: Ball 1-0: Foul Ball, location: 2F 1-1: Ground out 5-3 (Groundball, 56S, EV 88.1 MPH)
|
Top of the 6th over - 0 runs, 0 hits, 0 errors, 0 left on base; New Hampshire 5 - Frisco 2 |
BOTTOM OF THE 6TH |
Frisco RoughRiders batting - Pitching for New Hampshire Fisher Cats : RHP Jeremy Thomsen
|
Batting: RHB Jason Keller
|
0-0: Swinging Strike 0-1: Foul Ball, location: 2F 0-2: Fly out, F8 (Flyball, 78S, EV 91.2 MPH)
|
Batting: LHB Mike Sammons
|
0-0: Ball 1-0: Called Strike 1-1: Ball 2-1: Ball 3-1: Base on Balls
|
Batting: RHB Danny Murillo
|
0-0: Called Strike 0-1: Swinging Strike 0-2: Foul Ball, location: 2F 0-2: Ground out 4-3 (Groundball, 13, EV 86.2 MPH) Mike Sammons to second
|
Batting: SHB Isaiah Cherry
|
0-0: Ball 1-0: Called Strike 1-1: SINGLE (Groundball, 15S, EV 62.5 MPH) (infield hit) Mike Sammons to third
|
Pitching: RHP Mel Schultz
|
|
Batting: RHB Chris Torlak
|
0-0: Foul Ball, location: 2F 0-1: Foul Ball, location: 2F 0-2: Foul Ball, location: 2F 0-2: Ball 1-2: Ball 2-2: Foul Ball, location: 2F 2-2: Ground out 5-3 (Groundball, 56S, EV 71.2 MPH)
|
Bottom of the 6th over - 0 runs, 1 hit, 0 errors, 2 left on base; New Hampshire 5 - Frisco 2 |
TOP OF THE 7TH |
New Hampshire Fisher Cats batting - Pitching for Frisco RoughRiders : RHP Jeff Kidd
|
Batting: RHB Bryan Peterson
|
0-0: Called Strike 0-1: Swinging Strike 0-2: Strikes out looking
|
Batting: RHB Justin Powell
|
0-0: Ball 1-0: Fly out, F4 (Popup, 4, EV 52.5 MPH)
|
Batting: RHB Frank Caulfield
|
0-0: Ball 1-0: Ball 2-0: SINGLE (Line Drive, 78M, EV 103.1 MPH)
|
Batting: RHB Bill Murray
|
0-0: Ball 1-0: DOUBLE (Line Drive, 89D, EV 102.5 MPH) Frank Caulfield to third Runner from 3rd tries for Home, SAFE, throw by CF to home
|
Pitching: RHP El-Shamy Saami
|
|
Batting: LHB Rodrigo Briceno
|
0-0: Ball Bill Murray is caught stealing 3rd base 2-5
|
Top of the 7th over - 1 run, 2 hits, 0 errors, 0 left on base; New Hampshire 6 - Frisco 2 |
BOTTOM OF THE 7TH |
Frisco RoughRiders batting - Pitching for New Hampshire Fisher Cats : RHP Mel Schultz
|
Batting: RHB Andrew Clarke
|
0-0: Ball 1-0: Called Strike 1-1: Foul Ball, location: 2F 1-2: Foul Ball, location: 2F 1-2: Ball 2-2: SINGLE (Groundball, 56D, EV 96.2 MPH)
|
Batting: RHB Joe Kemp
|
0-0: Bunted foul 0-1: Bunted foul 0-2: Ball 1-2: Ball 2-2: Ball 3-2: Base on Balls Andrew Clarke to second
|
Pitching: RHP Joe Spencer
|
|
Batting: LHB Chris Moody
|
0-0: Called Strike 0-1: Ball 1-1: Ball 2-1: Ball 3-1: Base on Balls Andrew Clarke to third Joe Kemp to second
|
Batting: LHB Yasahiko Teshima
|
0-0: Foul Ball, location: 2F 0-1: Swinging Strike 0-2: Ball 1-2: Foul Ball, location: 2F 1-2: Strikes out swinging
|
Batting: RHB Jason Keller
|
0-0: Ball 1-0: Ball 2-0: Called Strike 2-1: Foul Ball, location: 2F 2-2: Strikes out looking
|
Batting: LHB Mike Sammons
|
0-0: Called Strike 0-1: Ball 1-1: Foul Ball, location: 2F 1-2: Ball 2-2: Foul Ball, location: 2F 2-2: Ground out 1-3 (Groundball, P, EV 75.0 MPH)
|
Bottom of the 7th over - 0 runs, 1 hit, 0 errors, 3 left on base; New Hampshire 6 - Frisco 2 |
TOP OF THE 8TH |
New Hampshire Fisher Cats batting - Pitching for Frisco RoughRiders : RHP El-Shamy Saami
|
Batting: LHB Rodrigo Briceno
|
0-0: Ball 1-0: Ball 2-0: Swinging Strike 2-1: Ball 3-1: Base on Balls
|
Batting: RHB Jorge Baret
|
0-0: Called Strike 0-1: Foul Ball, location: 2F 0-2: Foul Ball, location: 2F 0-2: Foul Ball, location: 2F 0-2: Ball 1-2: Ball 2-2: Foul Ball, location: 2F 2-2: Strikes out swinging
|
Batting: RHB Selam Chimsima
|
0-0: SINGLE (Groundball, 6MD, EV 106.2 MPH) Rodrigo Briceno to second
|
Batting: RHB Butch Koglin
|
0-0: Foul Ball, location: 2F 0-1: Foul Ball, location: 2F 0-2: Ball 1-2: Grounds into double play, 6-4-3 (Groundball, 56, EV 96.2 MPH)
|
Top of the 8th over - 0 runs, 1 hit, 0 errors, 1 left on base; New Hampshire 6 - Frisco 2 |
BOTTOM OF THE 8TH |
Frisco RoughRiders batting - Pitching for New Hampshire Fisher Cats : RHP Joe Spencer
|
Pitching: RHP Pat Powell
|
|
Batting: RHB Danny Murillo
|
0-0: Ball 1-0: Foul Ball, location: 2F 1-1: Ground out 5-3 (Groundball, 56, EV 88.8 MPH)
|
Batting: SHB Isaiah Cherry
|
0-0: Ball 1-0: Called Strike 1-1: Ball 2-1: Foul Ball, location: 2F 2-2: Ground out 1-3 (Groundball, 15S, EV 63.8 MPH)
|
Pinch Hitting: LHB Manuel Arguello
|
0-0: Foul Ball, location: 2F 0-1: Called Strike 0-2: Ball 1-2: Strikes out looking
|
Bottom of the 8th over - 0 runs, 0 hits, 0 errors, 0 left on base; New Hampshire 6 - Frisco 2 |
TOP OF THE 9TH |
New Hampshire Fisher Cats batting - Pitching for Frisco RoughRiders : RHP El-Shamy Saami
|
Pitching: RHP Mario Lopez
|
|
Now at 3B: Reilly Hawkins
|
|
Batting: RHB Kirk Seiffert
|
0-0: Called Strike 0-1: Called Strike 0-2: Ball 1-2: Ball 2-2: SINGLE (Groundball, 6M, EV 98.8 MPH) (infield hit)
|
Batting: RHB Bryan Peterson
|
0-0: Called Strike Kirk Seiffert is caught stealing 2nd base 2-4 0-1: SINGLE (Flyball, 34D, EV 88.8 MPH)
|
Batting: RHB Justin Powell
|
0-0: Ball 1-0: Swinging Strike 1-1: Swinging Strike 1-2: Ball 2-2: Foul Ball, location: 2F 2-2: Strikes out swinging
|
Batting: RHB Frank Caulfield
|
0-0: Called Strike 0-1: Ball 1-1: TRIPLE (Flyball, 78XD, EV 106.2 MPH) Bryan Peterson scores
|
Batting: RHB Bill Murray
|
0-0: Ball 1-0: Called Strike 1-1: Swinging Strike 1-2: Reached on error, E4 (Groundball, 4, EV 90.0 MPH) Frank Caulfield scores
|
Batting: LHB Rodrigo Briceno
|
0-0: Called Strike Bill Murray is caught stealing 2nd base 2-6
|
Top of the 9th over - 2 runs, 3 hits, 1 error, 0 left on base; New Hampshire 8 - Frisco 2 |
BOTTOM OF THE 9TH |
Frisco RoughRiders batting - Pitching for New Hampshire Fisher Cats : RHP Pat Powell
|
Batting: RHB Andrew Clarke
|
0-0: Ball 1-0: Foul Ball, location: 2F 1-1: Ball 2-1: Ball 3-1: Base on Balls
|
Batting: RHB Joe Kemp
|
0-0: TRIPLE (Groundball, 5L, EV 106.9 MPH) Andrew Clarke scores
|
Batting: LHB Chris Moody
|
0-0: Ball 1-0: Foul Ball, location: 2F 1-1: Ball 2-1: Ball 3-1: Base on Balls
|
Batting: LHB Yasahiko Teshima
|
0-0: Grounds into double play, 1-6-3 (Groundball, 13S, EV 70.0 MPH)
|
Batting: RHB Jason Keller
|
0-0: Called Strike 0-1: Called Strike 0-2: Ball 1-2: Ball 2-2: Ball 3-2: Foul Ball, location: 2F 3-2: Base on Balls
|
Batting: LHB Mike Sammons
|
0-0: Ball 1-0: Ball 2-0: Foul Ball, location: 2F 2-1: Foul Ball, location: 2F 2-2: Foul Ball, location: 2F 2-2: Foul Ball, location: 2F 2-2: Foul Ball, location: 2F 2-2: Fly out, F9 (Flyball, 9LM, EV 92.5 MPH)
|
Bottom of the 9th over - 1 run, 1 hit, 0 errors, 2 left on base; New Hampshire 8 - Frisco 3 |
|